 Dungeon Crawl Stone Soup version 0.31-a0-859-g9dce7d3444 (webtiles) character file.

Game seed: 16992006653420180087

70 wvc the Firebug (level 4, -6/24 HPs)
             Began as a Gargoyle Fire Elementalist on Oct 9, 2023.
             Mangled by an iguana (8 damage)
             ... on level 4 of the Dungeon.
             The game lasted 00:04:31 (1611 turns).

wvc the Firebug (Gargoyle Fire Elementalist)        Turns: 1611, Time: 00:04:32

Health: -6/24      AC:  5    Str: 11    XL:     4   Next: 21%
Magic:  5/7        EV: 11    Int: 18    God:
Gold:   38         SH:  0    Dex: 10    Spells: 5/8 levels left

rFire   . . .        j - +0 hand axe (freeze)
rCold   + . .        (no shield)
rNeg    + . .        a - +0 robe
rPois   ∞            (helmet restricted)
rElec   +            (no cloak)
rCorr   .            (no gloves)
SInv    .            (no boots)
Will    .....        i - amulet of the acrobat
Stlth   ++           (no ring)
HPRegen 0.24/turn    (no ring)
MPRegen 0.10/turn

%: acrobat
@: no status effects
A: sickness immunity, AC +3, negative energy resistance 1, electricity
resistance, torment resistance 1, petrification resistance, horns 1, cold
resistance 1, sense surroundings 1
a: no special abilities


You were on level 4 of the Dungeon.
You visited 1 branch of the dungeon, and saw 3 of its levels.

You collected 38 gold pieces.

Inventory:

Hand Weapons
 e - a +0 dagger
 j - a +0 hand axe of freezing (weapon)
Missiles
 d - a throwing net
 f - 4 poisoned darts
Armour
 a - a +0 robe (worn)
Jewellery
 i - an amulet of the acrobat (around neck)
Potions
 b - a potion of magic
 g - a potion of brilliance {unknown}


   Skills:
 - Level 1.5 Dodging
 - Level 2.1 Stealth
 + Level 2.6 Spellcasting
 * Level 2.2 Conjurations
 + Level 4.0 Fire Magic


You had 5 spell levels left.
You knew the following spells:

 Your Spells              Type           Power      Damage    Failure   Level
a - Foxfire               Conj/Fire      52%        2x1d6     4%          1
b - Scorch                Fire           34%        2d6       4%          2

Your spell library contained the following spells:

 Spells                   Type           Power      Damage    Failure   Level
 Freeze                   Ice            8%         1d3       17%         1
 Inner Flame              Hex/Fire       9%         N/A       22%         3
 Volatile Blastmotes      Fire/Tloc      18%        2d11      22%         3
 Hailstorm                Conj/Ice       6%         3d4       32%         3
 Flame Wave               Conj/Fire      13%        2d6       41%         4
 Frozen Ramparts          Ice            4%         1d1       45%         3


Dungeon Overview and Level Annotations

Branches:
Dungeon (2/15)

Altars:


Innate Abilities, Weirdness & Mutations

You are immune to sickness and miasma.
Your stone body is resilient. (AC +3)
You are immune to poison.
You resist negative energy. (rN+)
You are resistant to electric shocks. (rElec)
You are resistant to unholy torment.
You are immune to petrification.
You have a pair of small horns on your head.
Your flesh is cold resistant. (rC+)
You passively map a small area around you.


Message History

It is a scroll of identify.
h - a potion of mutation The orc shouts!
You hear a shout!
The iguana bites you but does no damage.
You hear an angry hiss.
You feel extremely strange. A pair of horns grows on your head!
You feel a strange attunement to the structure of the dungeons.
You feel resistant to cold.
An orc comes into view. It is wielding a +0 dagger.
The iguana barely misses you.
Casting: Foxfire (safe; 4% risk of failure)
Press: ? - help, Q - select action, (/) - cycle Dir - look around, f - activate You conjure some foxfire!
The iguana barely misses you.
Found 2 gold pieces.
The foxfire hits the iguana.
The iguana is lightly wounded.
The foxfire hits the iguana but does no damage.
The iguana is lightly wounded.
You hit the iguana. You freeze the iguana. Your headbutt misses the iguana.
The iguana is moderately wounded.
The iguana misses you.
You closely miss the iguana.
The iguana is moderately wounded.
The iguana bites you!
You hit the iguana.
The iguana seems to slow down.
You freeze the iguana.
The iguana is heavily wounded.
You hit the orc but do no damage. The orc hits you with a +0 mace.
An orc comes into view. It is wielding a +0 war axe.
The iguana bites you.
* * * LOW HITPOINT WARNING * * *
The orc barely misses you.
Found an escape hatch in the floor.
The iguana is no longer moving slowly.
The iguana attacks as it pursues you! The iguana completely misses you.
The orc closely misses you.
Casting: Foxfire (safe; 4% risk of failure)
Press: ? - help, Q - select action, (/) - cycle Dir - look around, f - activate You conjure some foxfire!
The orc hits you but does no damage. The iguana bites you!
You die...

, , ###.......# +
* , , ..........#*
, ..........# , ,
..#...#....# , ,
,####..#....######
, ................
, ......#.......#
..##...ol#.##.#
.,#....o@#.# .. *
* ....#..vv.......
*.............###
, .............#
...##".......# *
.. .........# ,
##.....$... ,
*#.>.....#.# ,


You could see an iguana and 2 orcs.

Vanquished Creatures
  2 adders
  A worm (D:2)
  2 dart slugs (D:1)
  An orc (D:4)
  4 ball pythons (D:1)
  A bat (D:1)
  3 endoplasms (D:1)
  3 giant cockroaches
  5 goblins (D:1)
  7 hobgoblins
  A jackal (D:2)
  3 kobolds
  A quokka (D:1)
  2 frilled lizards (D:1)
  3 rats
39 creatures vanquished.

Vanquished Creatures (others)
  95 foxfires
95 creatures vanquished.

Grand Total: 134 creatures vanquished

Notes
Turn   | Place    | Note
-------+----------+-------------------------------------------
     0 | D:1      | wvc the Gargoyle Fire Elementalist began the quest for the
                  | Orb.
     0 | D:1      | Reached XP level 1. HP: 10/10 MP: 3/3
   293 | D:1      | Reached XP level 2. HP: 15/15 MP: 1/5
   637 | D:1      | Found a faded altar of an unknown god.
   746 | D:1      | Reached XP level 3. HP: 19/19 MP: 3/6
  1095 | D:1      | Learned a level 2 spell: Scorch
  1411 | D:1      | Reached skill level 4 in Fire Magic
  1411 | D:1      | Reached XP level 4. HP: 23/24 MP: 4/7
  1576 | D:2      | You fall into a shaft and drop 2 floors!
  1604 | D:4      | Gained mutation: You have a pair of small horns on your
                  | head. [potion of mutation]
  1604 | D:4      | Gained mutation: You passively map a small area around you.
                  | [potion of mutation]
  1604 | D:4      | Gained mutation: Your flesh is cold resistant. (rC+)
                  | [potion of mutation]
  1611 | D:4      | Mangled by an iguana

Illustrated notes

Levels and vault maps discovered:
D:1:      evilmike_arrival_hilbert_curve, layout_basic, basic_ecumenical_altar
D:2:      layout_basic, basic_altar, serial_shops, nicolae_shop_window_shopping,
          minmay_tromino_i2
D:4:      layout_rooms, mainiacjoe_overflow_large_starburst, temple_doors_e,
          gammafunk_ghost_necromancy, serial_bayou_pond_d,
          kennysheep_flooded_box, uniq_menkaure, uniq_eustachio, uniq_sigmund

Skill      XL: |  1  2  3 |
---------------+----------+-----
Conjurations   | 2 |  2.2
Fire Magic     | 4 |  4.0
Dodging        | |  1.5
Stealth        | |  2.1
Spellcasting   | |  2.6

Action                     |  1- 3 |  4- 6 || total
---------------------------+-------+-------++-------
  Melee: Unarmed           |     6 |       ||     6
         Dagger            |    16 |     1 ||    17
         Hand axe          |       |     5 ||     5
   Cast: Foxfire           |    39 |    14 ||    53
    Use: Scroll            |       |     1 ||     1
         Potion            |       |     1 ||     1
   Stab: Sleeping          |     1 |       ||     1
 Armour: Robe              |    36 |    11 ||    47
  Dodge: Dodged            |    46 |    12 ||    58

Table legend: (Time is in decaauts)
 A = Elapsed time spent in this place.
 B = Non-inter-level travel time spent in this place.
 C = Inter-level travel time spent in this place.
 D = Time resting spent in this place.
 E = Time spent auto-exploring this place.
 F = Levels seen in this place.
 G = Mean time per level.
                   A        B        C        D        E       F      G
               +--------+--------+--------+--------+--------+-----+--------+
         Total |   1612 |   1595 |     17 |     67 |   1194 |   3 |  537.3 |
       Dungeon |   1612 |   1595 |     17 |     67 |   1194 |   3 |  537.3 |
               +--------+--------+--------+--------+--------+-----+--------+

Top non-repeatable levels by time:
     D:1: 1334 daAuts
     D:2: 242 daAuts
     D:4: 35 daAuts
